 Dungeon Crawl Stone Soup version 0.28-a0-883-gc8d7bad45d (webtiles) character file.

Game seed: 1622070800650988348

42 ytrimaz the Skirmisher (level 3, -1/29 HPs)
             Began as a Demonspawn Fighter on Nov 21, 2021.
             Slain by a gnoll (3 damage)
             ... on level 1 of the Dungeon.
             The game lasted 00:02:55 (2328 turns).

ytrimaz the Skirmisher (Demonspawn Fighter)         Turns: 2328, Time: 00:02:56

Health: -1/29      AC:  6    Str: 17    XL:     3   Next: 35%
Magic:  3/3        EV:  9    Int:  9    God:
Gold:   116        SH:  4    Dex: 12    Spells: 2/2 levels left

rFire   . . .      SeeInvis .     - Unarmed
rCold   . . .      Faith    .   b - +0 buckler
rNeg    . . .      Spirit   .   a - +0 scale mail
rPois   .          Reflect  .   (no helmet)
rElec   .          Harm     .   (no cloak)
rCorr   .          Rampage  .   (no gloves)
Will    .....                   (no boots)
Stlth   ..........              (no amulet)
HPRegen 0.09/turn               (no ring)
MPRegen 0.08/turn               (no ring)

@: no status effects
A: foul stench 1
a: no special abilities


You were on level 1 of the Dungeon.
You visited 1 branch of the dungeon, and saw 3 of its levels.

You collected 116 gold pieces.

Inventory:

Armour
 a - a +0 scale mail (worn)
 b - a +0 buckler (worn)
 h - a +0 tower shield
Potions
 c - a potion of might
 d - a potion of degeneration {unknown}
 e - a potion of mutation {unknown}
 f - a potion of heal wounds {unknown}
 g - a potion of lignification {unknown}
 i - a potion of ambrosia {unknown}


   Skills:
 + Level 3.2 Fighting
 + Level 3.1 Armour
 + Level 3.0 Shields
 + Level 2.4 Unarmed Combat


You had 2 spell levels left.
You didn't know any spells.
Your spell library contained the following spells:

 Spells                   Type           Power      Damage    Failure   Level
 Corpse Rot               Necr/Air       0%         N/A       92%         2
 Poisonous Vapours        Pois/Air       0%         N/A       92%         2
 Chain Lightning          Conj/Air       0%         N/A       100%        9
 Fire Storm               Conj/Fire      0%         5d1       100%        9
 Shatter                  Erth           0%         3d5*      100%        9


Dungeon Overview and Level Annotations

Branches:
Dungeon (3/15)

Altars:

Annotations:
D:3 Jessica


Innate Abilities, Weirdness & Mutations

You may rarely emit foul miasma when damaged in melee.


Message History

The gnoll hits you from afar with a +0 spear.
There is a stone staircase leading down here.
The gnoll hits you but does no damage.
You climb downwards.
Jessica shouts!
Found 4 gold pieces.
There is a stone staircase leading up here.
The gnoll closely misses you. The rat bites you but does no damage.
You climb upwards.
The gnoll barely misses you.
There is a stone staircase leading down here.
The rat barely misses you. The rat bites you but does no damage.
Found a stone staircase leading up.
A kobold comes into view. It is wielding a +0 short sword.
The gnoll closely misses you.
There is a stone staircase leading up here.
The gnoll hits you with a +0 club.
You climb upwards.
There is a stone staircase leading down here.
You are too injured to fight recklessly!
You hit the gnoll but do no damage.
The gnoll is lightly wounded.
The gnoll barely misses you.
You barely miss the gnoll.
The gnoll is lightly wounded.
The gnoll hits you with a +0 club.
* * * LOW HITPOINT WARNING * * *
You hit the gnoll but do no damage.
The gnoll is lightly wounded.
You block the gnoll's attack.
You barely miss the gnoll.
The gnoll is lightly wounded.
Your scale mail prevents you from hitting the gnoll.
The gnoll is lightly wounded.
The gnoll hits you with a +0 club.
* * * LOW HITPOINT WARNING * * *
You hit the gnoll.
The gnoll is moderately wounded.
The gnoll hits you with a +0 club.
You die...

.#..#.#..#..#..##...#...⌠....###.
#..##..#...#....#....#...........
.#...##..#...#..................^
#################################
################ #....†...#
...............#######.######.#
.......................# #.#
###############.#############.# #
#.@.............### #
##g##########......#
##############..##..............#
................................#
....(.########.###.######.......'
.......#.#####.###.#....#.......#
.......#..............#.#.#######
...[...#.#####.###.####.#.#
.......#.# #.# #......#.#


You could see a gnoll.

Vanquished Creatures
  5 bats (D:1)
  3 endoplasms
  2 giant cockroaches (D:1)
  3 goblins (D:1)
  5 hobgoblins
  4 jackals (D:1)
  4 ball pythons
  2 frilled lizards
  6 kobolds (D:1)
  3 rats
37 creatures vanquished.

Notes
Turn   | Place    | Note
-------+----------+-------------------------------------------
     0 | D:1      | ytrimaz the Demonspawn Fighter began the quest for the Orb.
     0 | D:1      | Reached XP level 1. HP: 18/18 MP: 1/1
   108 | D:1      | Gained mutation: You may rarely emit foul miasma when
                  | damaged in melee. [demonic ancestry]
   108 | D:1      | Reached XP level 2. HP: 11/24 MP: 2/2
  1309 | D:1      | Reached XP level 3. HP: 23/29 MP: 3/3
  2300 | D:3      | Noticed Jessica
  2328 | D:1      | Slain by a gnoll

Illustrated notes

Levels and vault maps discovered:
D:1:      erik_arrival_cave_to_civilisation [erik_arrival_cave_to_temple],
          layout_basic, st_stairs_9
D:2:      layout_loops_cross
D:3:      layout_basic, serial_shops, shop, dilly_ecumenical_altar_fadedgnrine,
          uniq_robin, uniq_jessica, uniq_terence, uniq_sigmund

Skill      XL: |  1  2 |
---------------+-------+-----
Unarmed Combat | 2 |  2.4
Armour         | 3 |  3.1
Shields        | 3 |  3.0
Fighting       | |  3.2

Action                   || total
-------------------------++-------
Melee: Unarmed           ||   221
  Use: Scroll            ||     2
Armor: Scale mail        ||   131
Dodge: Dodged            ||   123
Block: Buckler           ||    45

Table legend: (Time is in decaauts)
 A = Elapsed time spent in this place.
 B = Non-inter-level travel time spent in this place.
 C = Inter-level travel time spent in this place.
 D = Time resting spent in this place.
 E = Time spent auto-exploring this place.
 F = Levels seen in this place.
 G = Mean time per level.
                   A        B        C        D        E       F      G
               +--------+--------+--------+--------+--------+-----+--------+
         Total |   2325 |   2257 |     68 |    179 |   1648 |   3 |  775.0 |
       Dungeon |   2325 |   2257 |     68 |    179 |   1648 |   3 |  775.0 |
               +--------+--------+--------+--------+--------+-----+--------+

Top non-repeatable levels by time:
     D:1: 1993 daAuts
     D:2: 330 daAuts
     D:3: 1 daAuts
